 Dungeon Crawl Stone Soup version 0.20.0-1-g1cb1d84 (webtiles) character file.

402 crawlian the Firebug (level 6, 0/32 HPs)
             Began as a Deep Elf Fire Elementalist on May 26, 2017.
             Slain by a sky beast (1 damage)
             ... on level 4 of the Dungeon.
             The game lasted 00:05:44 (1687 turns).

crawlian the Firebug (Deep Elf Fire Elementalist)   Turns: 1687, Time: 00:05:45

Health: 0/32       AC:  2    Str:  5    XL:     6   Next: 55%
Magic:  6/15       EV: 18    Int: 22    God:
Gold:   180        SH:  0    Dex: 20    Spells: 6/14 levels left

rFire    + . .     SeeInvis .   d - +0 dagger
rCold    + . .     Gourm    .   (no shield)
rNeg     . . .     Faith    .   a - +0 robe
rPois    +         Spirit   .   (no helmet)
rElec    +         Reflect  .   (no cloak)
rCorr    +         Harm     .   (no gloves)
MR       .....                  (no boots)
Stlth    ++++......             (no amulet)
Regen    0.1/turn               s - ring of poison resistance
MPRegen  0.2/turn               (no ring)

@: agile, resistant
A: no striking features
a: no special abilities


You were on level 4 of the Dungeon.
You were not hungry.

You visited 1 branch of the dungeon, and saw 5 of its levels.

You collected 180 gold pieces.

Inventory:

Hand Weapons
 d - a +0 dagger (weapon)
Armour
 a - a +0 robe (worn)
Jewellery
 s - a ring of poison resistance (left hand)
Scrolls
 e - 2 scrolls of remove curse {unknown}
 f - 3 scrolls of amnesia {unknown}
 g - 2 scrolls of enchant armour {unknown}
 l - 3 scrolls of identify {unknown}
 p - 2 scrolls of fog {unknown}
 r - a scroll of blinking {unknown}
Potions
 i - a potion of berserk rage {unknown}
 k - a potion of haste {unknown}
 m - 2 potions of agility
 n - a potion of brilliance {unknown}
 o - a potion of resistance
Books
 b - a book of Flames

   Spells                             Type                      Level
   a - Flame Tongue                   Conjuration/Fire             1
   b - Throw Flame                    Conjuration/Fire             2
   c - Conjure Flame                  Conjuration/Fire             3
   d - Inner Flame                    Hexes/Fire                   3
   e - Sticky Flame                   Conjuration/Fire             4
   f - Fireball                       Conjuration/Fire             5
 t - a book of Callings

   Spells                             Type                      Level
   a - Summon Small Mammal            Summoning                    1
   b - Call Imp                       Summoning                    2
   c - Call Canine Familiar           Summoning                    3
   d - Summon Guardian Golem          Hexes/Summoning              3
   e - Summon Lightning Spire         Summoning/Air                4
   f - Summon Ice Beast               Ice/Summoning                4
Comestibles
 c - 3 bread rations
 h - 3 meat rations
 j - 4 fruits
 q - a royal jelly


   Skills:
 - Level 0.2 Short Blades
 - Level 2.6 Dodging
 - Level 2.8 Stealth
 + Level 4.9 Spellcasting
 * Level 4.4 Conjurations
 * Level 5.6 Fire Magic


You had 6 spell levels left.
You knew the following spells:

 Your Spells              Type           Power        Failure   Level  Hunger
a - Flame Tongue          Conj/Fire      ####.        1%          1    None
b - Conjure Flame         Conj/Fire      ####....     3%          3    ##.....
c - Sticky Flame          Conj/Fire      ####....     12%         4    ####...


Dungeon Overview and Level Annotations

Branches:
Dungeon (5/15)
 Temple: D:4-7

Altars:
Nemelex Xobeh

Annotations:
D:4 exclusion: downstairs


Message History

Casting: Flame Tongue
Confirm with . or Enter, or press ? or * to list all spells.
Aiming: Flame Tongue
Press: ? - help, Shift-Dir - straight line, f - sky beast
Aim: a sky beast (rain, moderately wounded)
The flame tongue hits the sky beast.
The sky beast is heavily wounded.
The sky beast hits you.
* * * LOW HITPOINT WARNING * * *
The sky beast shocks you.
* * * LOW HITPOINT WARNING * * *
It was a potion of agility.
You feel agile all of a sudden. The sky beast closely misses you.
It was a potion of resistance.
You feel protected.
The sky beast flickers out of sight!
Deactivating autopickup; reactivate with Ctrl-A.
Something hits you.
You die...

.#...###.##.####≈#.########
.#.......##.....§..#
.#...###.########.## .#.###
#.# #.# .#.# ##.## #.# .#.#
#...# ###.# ...# #.#.#
##...# ...## #...# ##⌠.{.#
#...####.####.._@.#
#.#.<.........⌠.⌠.#
#...####.######...# #####
#.# ##### #.# #.#
########.# #........#
#.########


There were no monsters in sight!

Vanquished Creatures
  A phantom (D:4)
  An ogre (D:4)
  A centaur skeleton (D:4)
  A hound (D:4)
  An orc wizard (D:5)
  An iguana (D:4)
  A worker ant (D:4)
  3 adders
  2 oozes (D:1)
  A worm (D:2)
  A dart slug (D:1)
  5 orcs
  2 giant cockroaches
  4 goblins
  5 hobgoblins
  7 jackals
  7 kobolds
  8 bats
  4 rats
56 creatures vanquished.

Notes
Turn   | Place    | Note
-------+----------+-------------------------------------------
     0 | D:1      | crawlian the Deep Elf Fire Elementalist began the quest for the Orb.
     0 | D:1      | Reached XP level 1. HP: 10/10 MP: 6/6
    38 | D:1      | Reached XP level 2. HP: 12/15 MP: 6/8
   538 | D:2      | Reached XP level 3. HP: 5/19 MP: 3/9
   543 | D:2      | Learned a level 3 spell: Conjure Flame
   703 | D:2      | Reached skill level 4 in Fire Magic
  1022 | D:3      | Reached XP level 4. HP: 24/24 MP: 7/11
  1028 | D:3      | Learned a level 4 spell: Sticky Flame
  1157 | D:4      | Noticed a phantom
  1335 | D:4      | Found a sparkling altar of Nemelex Xobeh.
  1390 | D:4      | Noticed an ogre
  1395 | D:4      | Killed a phantom
  1395 | D:4      | Reached skill level 5 in Fire Magic
  1395 | D:4      | Reached XP level 5. HP: 19/28 MP: 0/13
  1478 | D:5      | Entered Level 5 of the Dungeon
  1554 | D:4      | Reached XP level 6. HP: 25/32 MP: 6/15
  1569 | D:4      | Noticed a sky beast
  1685 | D:4      | HP: 1/32 [sky beast (5)]
  1687 | D:4      | Slain by a sky beast

Skill      XL: |  1  2  3  4  5 |
---------------+----------------+-----
Fire Magic     | 4 5 |  5.6
Conjurations   | 2 3 4 |  4.4
Spellcasting   | 4 |  4.9
Short Blades   | |  0.2
Dodging        | |  2.6
Stealth        | |  2.8

Action                   |  1- 3 |  4- 6 || total
-------------------------+-------+-------++-------
Melee: Dagger            |    10 |       ||    10
 Cast: Flame Tongue      |    53 |    57 ||   110
       Conjure Flame     |       |     2 ||     2
       Sticky Flame      |       |     1 ||     1
  Use: Potion            |       |     2 ||     2
 Stab: Sleeping          |     9 |       ||     9
  Eat: Chunk             |       |     2 ||     2
Armor: Robe              |     3 |     3 ||     6
Dodge: Dodged            |    15 |    11 ||    26
